 Dungeon Crawl Stone Soup version 0.29.0-11-gd7f09526c8 (console) character file.

Game seed: 13545437701805624044

248278 jejorda2 the Deadly Accurate (level 20, -1/112 HPs)
             Began as a Vine Stalker Berserker on Sept 5, 2022.
             Was the Champion of Trog.
             Slain by an eight-headed hydra (11 damage)
             ... called by a spriggan druid
             ... on level 3 of the Swamp.
             The game lasted 02:00:32 (30906 turns).

jejorda2 the Deadly Accurate (VSBe)                Turns: 30906, Time: 02:00:32

Health: -1/112     AC: 30    Str: 26    XL:     20   Next: 1%
Magic:  0/21       EV:  6    Int:  4    God:    Trog [******]
Gold:   2988       SH: 18    Dex: 17    Spells: 19/19 levels left

rFire   + + .      SeeInvis +   a - +5 quick blade (flame)
rCold   + + .      Faith    +   O - +5 kite shield of Cegups {rN++}
rNeg    + + .      Spirit   +   e - +0 gold dragon scales
rPois   +          Reflect  .   Y - +2 helmet of Soxureff {rElec rPois Int-3 SInv}
rElec   +          Harm     .   q - scarf {rC+ rF+}
rCorr   .          Rampage  .   P - +2 pair of gloves
Will    ++++.      NoCast   +   w - +2 pair of boots
Stlth   ..........              J - amulet of Charity {Faith -Cast Will++}
HPRegen 1.08/turn               K - +4 ring of slaying
MPRegen 0.17/turn               G - ring of flight

@: on berserk cooldown, flying, slowed, very slow
A: fangs 3, regeneration 1, magic shield, antimagic bite, no potion heal 2
}: 1/15 runes: gossamer
a: Renounce Religion, Berserk, Trog's Hand, Brothers in Arms


You were on level 3 of the Swamp.
You worshipped Trog.
Trog was exalted by your worship.
You visited 5 branches of the dungeon, and saw 30 of its levels.
You also visited: Ice Cave.

You collected 4100 gold pieces.
You spent 1112 gold pieces at shops.

Inventory:

Hand Weapons
 a - a +5 quick blade of flaming (weapon)
Missiles
 b - 12 boomerangs
 c - 127 stones
 n - 9 curare-tipped darts
 C - 6 javelins
 N - 30 poisoned darts
 R - 4 boomerangs of dispersal
 V - 2 silver javelins (quivered)
Armour
 e - +0 gold dragon scales (worn)
 q - a scarf of resistance (worn)
 w - a +2 pair of boots (worn)
 O - the +5 kite shield of Cegups (worn) {rN++}
   (You acquired it on level 1 of the Swamp)

   rN:        It greatly protects you from negative energy.
 P - a +2 pair of gloves (worn)
 Y - the +2 helmet of Soxureff (worn) {rElec rPois Int-3 SInv}
   (You found it on level 3 of the Spider Nest)

   Int:       It affects your intelligence (-3).
   rElec:     It insulates you from electricity.
   rPois:     It protects you from poison.
   SInv:      It lets you see invisible.
Jewellery
 f - a ring of resist corrosion
 G - a ring of flight (right hand)
 J - the amulet of Charity (around neck) {Faith -Cast Will++}
   (You found it on level 8 of the Dungeon)

   [amulet of faith]

   It allows you to gain divine favour quickly.
   -Cast:     It prevents spellcasting.
   Will:      It greatly increases your willpower.
 K - a +4 ring of slaying (left hand)
 Q - a +4 ring of slaying
Wands
 m - a wand of flame (73)
 u - a wand of quicksilver (14)
 H - a wand of charming (38)
 L - a wand of polymorph (15)
 T - a wand of digging (8)
 U - a wand of iceblast (38)
Scrolls
 k - 4 scrolls of fear
 l - 8 scrolls of blinking
 o - 4 scrolls of poison
 s - a scroll of enchant weapon
 v - 10 scrolls of immolation
 y - 6 scrolls of teleportation
 B - 7 scrolls of butterflies
 D - 12 scrolls of identify
 S - 2 scrolls of magic mapping
Potions
 d - 15 potions of ambrosia
 g - 6 potions of haste
 h - 6 potions of flight
 i - 3 potions of might
 j - 12 potions of curing
 r - 6 potions of cancellation
 t - 4 potions of magic
 z - 4 potions of resistance
 F - 5 potions of mutation
 M - 3 potions of attraction
 X - a potion of invisibility
Miscellaneous
 p - a tin of tremorstones (2/2)
 A - a lightning rod (4/4)
 E - a phial of floods


   Skills:
 * Level 14.7 Fighting
 + Level 10.1 Short Blades
 - Level 16.0 Throwing
 * Level 14.2 Armour
 + Level 2.2 Dodging
 + Level 14.1 Shields
 - Level 8.0 Evocations


You had 19 spell levels left.
You didn't know any spells.
Your spell library was empty.

Dungeon Overview and Level Annotations

Branches:
Dungeon (15/15)            Temple (0/1) D:6            Lair (5/5) D:11
  Swamp (4/4) Lair:3       Spider (4/4) Lair:3        Slime (0/5) Lair:5
    Orc (2/2) D:10            Elf (0/3) Orc:2        Vaults (0/5) D:13
 Depths (0/4) D:15          IceCv (visited)

Altars:
Cheibriados
Dithmenos
Fedhas
Hepliaklqana
Kikubaaqudgha
Nemelex Xobeh
Okawaru
Qazlal
Ru
Sif Muna
Trog
Uskayaw
Xom
Yredelemnul
Zin
The Shining One

Shops:
D:6 **   Orc:2 *!*=(

Annotations:
Lair:2 3 runed translucent doors, Voxie's ghost, journeyman GrFi
Lair:3 1 runed translucent door, SensoryNuts's ghost, journeyman HOFi


Innate Abilities, Weirdness & Mutations

You have razor-sharp teeth.
Your natural rate of healing is unusually fast.
When hurt, damage is shared between your health and your magic reserves.
Your bite disrupts and absorbs the magic of your enemies.
Potions cannot restore your health.


Message History

* * * LOW HITPOINT WARNING * * *
The eight-headed hydra bites you!
* * * LOW HITPOINT WARNING * * *
You block the eight-headed hydra's attack. x2
The eight-headed hydra bites you but does no damage.
Unknown command.
Aiming: Iceblast
Press: ? - help, Shift-Dir - straight line, f/p - swamp worm
Aim: a swamp worm (almost dead, strong) That beam is likely to hit you.
Continue anyway?
The mass of ice explodes!
The iceblast engulfs the eight-headed hydra!
The eight-headed hydra is severely wounded.
The iceblast engulfs the seven-headed hydra!!
The seven-headed hydra is almost dead.
The iceblast engulfs you but does no damage.
The iceblast engulfs the swamp worm!!
You kill the swamp worm!
Trog accepts your kill.
You block the eight-headed hydra's attack. x2
The eight-headed hydra bites you but does no damage. x3
You block the eight-headed hydra's attack.
The eight-headed hydra bites you.
* * * LOW HITPOINT WARNING * * *
You block the eight-headed hydra's attack.
The seven-headed hydra bites you.
* * * LOW HITPOINT WARNING * * *
The seven-headed hydra bites you but does no damage. x2
The seven-headed hydra bites you.
* * * LOW HITPOINT WARNING * * *
The seven-headed hydra bites you but does no damage.
The seven-headed hydra barely misses you.
The seven-headed hydra bites you but does no damage.
The eight-headed hydra bites you but does no damage. x3
The eight-headed hydra bites you.
* * * LOW HITPOINT WARNING * * *
You block the eight-headed hydra's attack.
The eight-headed hydra bites you but does no damage.
The eight-headed hydra bites you!
You die...

.......~..~~~~~~~~~~.♣♣♣♣~..~~..~
.#####~♣♣..~...~~~~~.~~~~...♣♣..♣
.#.##~♣♣♣♣♣♣~~......~.~~§~~~~~♣♣♣
..#....♣ ♣♣.~~~§§~~~~~§.~~~.♣
.##....♣ ♣~~~~.~~~~~.~~~~.§♣
##...~~♣ ♣♣.~~~~~~~..♣.~~♣♣♣
###..~~♣♣ ♣♣.~.~~~~~.♣.~.♣
.....~~.♣ ♣~~~..~~~.♣♣~.♣♣
....~~§.♣ ♣~~@.....♣♣♣♣♣♣
....~~~.♣♣ ♣.DD....§♣ ....)..♣~♣
♣....~..♣♣ ...~~..♣♣♣ ♣...♣~.♣♣
~..~~~.♣ ♣.(♣♣♣♣♣ ..~...~♣♣♣
♣.~♣♣ ~.~.<..~.♣ ♣♣†[♣ ..~.♣..~♣♣
♣†>♣♣ ♣♣♣♣♣♣♣♣♣ ♣♣♣♣


You could see an eight-headed hydra (strong) and a seven-headed hydra (strong).

Vanquished Creatures
  A tentacled monstrosity (Swamp:2)
  Kirke (Spider:4)
  Agnes (D:15)
  A thorn hunter (Swamp:1)
  Roxanne (Spider:1)
  A fenstrider witch (Swamp:2)
  The ghost of Ypsiuj the Thaumaturge, an adept GnSk of Makhleb (Swamp:2)
  6 ghost moths
  An orc warlord (Orc:1)
  3 emperor scorpions
  Louise (Swamp:3)
  A ghoul (Swamp:2)
  2 broodmothers (Spider:4)
  A reaper (IceCv)
  A stone giant (D:15)
  6 entropy weavers
  The ghost of Odimp the Protected, a journeyman KoWn of Wu Jian (Lair:4)
  5 bunyips
  3 eleionomae
  A minotaur (Orc:2)
  4 dire elephants (Lair:5)
  An ettin (Orc:2)
  The ghost of Monkooky the Cleaver, a journeyman BaCK of Ignis (Orc:2)
  Josephine (D:10)
  8 vault guards (D:13)
  Erolcha (D:9)
  29 hydras
  A jorogumo (Spider:4)
  3 radroaches
  3 ghost crabs
  5 boulder beetles
  8 centaur warriors
  11 two-headed ogres
  10 alligators
  11 death yaks
  A catoblepas (D:14)
  4 orc high priests (Orc:2)
  3 tengu warriors (D:15)
  A spectral dire elephant (Lair:5)
  2 spriggan berserkers
  Urug (Lair:5)
  A spectral death yak (Lair:5)
  6 pharaoh ants
  3 skeletal warriors (D:13)
  5 goliath frogs
  6 spriggan druids
  6 swamp dragons
  Lodul (D:12)
  A spectral anaconda (Lair:5)
  8 steelbarb worms
  An orange crystal statue (Spider:2)
  4 orb spiders
  An obsidian statue (Lair:5)
  A lindwurm (Lair:3)
  A bog body (Swamp:2)
  3 orc knights
  4 necromancers (Lair:5)
  A deep elf pyromancer (D:13)
  3 orc sorcerers
  6 cyclopes
  18 wolf spiders
  3 will-o-the-wisps
  9 ugly things
  5 manticores
  Maurice (D:8)
  A moth of wrath (Spider:4)
  25 elephants
  2 ice statues (IceCv)
  3 torpor snails
  9 black mambas
  A black mamba (shapeshifter) (D:14)
  17 cane toads
  2 unseen horrors (D:12)
  4 rime drakes
  A gargoyle (D:13)
  9 demonic crawlers
  6 ice devils (IceCv)
  2 freezing wraiths (D:14)
  2 efreet
  Psyche (D:9)
  3 anaconda simulacra (IceCv)
  13 komodo dragons
  A tengu conjurer (D:15)
  3 kobold demonologists
  9 meliai
  A queen bee (Lair:4)
  5 trolls
  19 tarantellas
  3 bloated husks
  5 polar bears
  7 blink frogs
  7 tyrant leeches
  5 dream sheep
  7 hornets
  3 slime creatures (D:12)
  21 jumping spiders
  21 culicivoras
  A shadow (D:10)
  4 wyverns
  10 spriggans
  8 water elementals
  A centaur simulacrum (D:15)
  2 vampires
  3 dire elephant simulacra (IceCv)
  4 wraiths
  4 hogs (Spider:4)
  Grum (D:8)
  46 yaks
  3 basilisks
  A death yak simulacrum (Lair:5)
  40 redbacks
  Menkaure (D:5)
  11 wargs
  3 vampire mosquitoes (D:13)
  A spectral cane toad (Lair:5)
  8 swamp worms
  2 harpy simulacra (IceCv)
  19 water moccasins
  2 hydra simulacra (IceCv)
  4 swamp drakes
  25 orc warriors
  A sky beast (D:6)
  2 black bears
  2 elephant zombies (Lair:5)
  2 ice beasts
  5 centaurs
  21 ogres
  19 wolves
  An elephant skeleton (Lair:5)
  5 kobold brigands
  8 bullfrogs
  A necrophage (D:4)
  2 two-headed ogre simulacra (IceCv)
  3 scorpions
  A cane toad simulacrum (Lair:5)
  7 wights
  38 killer bees
  6 howler monkeys
  7 electric eels
  2 lava snakes (D:11)
  2 jellies
  4 hounds
  31 orc priests
  8 iguanas
  Terence (D:2)
  27 orc wizards
  A hell rat (D:12)
  A wolf simulacrum (IceCv)
  5 adders
  A white imp (IceCv)
  3 dart slugs
  79 orcs
  8 bats
  2 endoplasms (D:1)
  2 giant cockroaches
  15 goblins
  8 hobgoblins
  2 quokkas
  6 ball pythons
  A frilled lizard (D:2)
  15 kobolds
  9 rats
  2 briar patches (Swamp:1)
1034 creatures vanquished.

Vanquished Creatures (collateral kills)
  Mlioglotl (Spider:2)
  A thorn hunter (Swamp:2)
  The ghost of KCGemini the Ripper, a journeyman FeBe of Trog (Swamp:1)
  A hydra (Swamp:1)
  6 death yaks (D:11)
  A jumping spider (Spider:4)
  A culicivora (Spider:4)
  2 hogs (Spider:4)
  An ogre (Orc:1)
15 creatures vanquished.

Vanquished Creatures (others)
  A hydra (Swamp:2)
  A wizard (D:9)
  2 bloated husks
  4 tyrant leeches
  A spriggan (Swamp:1)
  2 swamp worms
  An orc wizard (Orc:2)
  2 foxfires (Swamp:3)
  27 fungi
  55 plants
  12 withered plants (Lair:5)
108 creatures vanquished.

Grand Total: 1157 creatures vanquished

Notes
Turn   | Place    | Note
-------+----------+-------------------------------------------
     0 | D:1      | jejorda2 the Vine Stalker Berserker began the quest for the
                  | Orb.
     0 | D:1      | Reached XP level 1. HP: 11/11 MP: 2/2
   419 | D:1      | Reached XP level 2. HP: 13/16 MP: 3/3
  1503 | D:2      | Reached XP level 3. HP: 11/20 MP: 4/4
  1751 | D:2      | Found a faded altar of an unknown god.
  1759 | D:2      | Found a sacrificial altar of Ru.
  2301 | D:2      | Reached ** piety under Trog
  2302 | D:2      | Gained mutation: Your natural rate of healing is unusually
                  | fast. [Vine Stalker growth]
  2302 | D:2      | Reached XP level 4. HP: 24/24 MP: 5/5
  2412 | D:2      | Noticed Terence
  2420 | D:2      | Killed Terence
  2505 | D:2      | Identified the +2 short sword of Okawaru's Generosity
                  | {vorpal, rPois rC- rN+ Str+2}
  2605 | D:3      | Reached XP level 5. HP: 28/28 MP: 6/6
  2929 | D:3      | Found an ancient bone altar of Kikubaaqudgha.
  3116 | D:3      | Found a glowing silver altar of Zin.
  3315 | D:4      | Reached XP level 6. HP: 31/33 MP: 7/7
  3440 | D:4      | Found an iron altar of Okawaru.
  3511 | D:4      | Reached skill level 5 in Short Blades
  3703 | D:4      | Identified the +1 leather armour of the Spheres {rPois MP+9
                  | Str+3 Stlth+}
  3907 | D:5      | Entered Level 5 of the Dungeon
  3921 | D:5      | You fall into a shaft and drop 1 floor!
  3947 | D:5      | Reached XP level 7. HP: 37/37 MP: 8/8
  4321 | D:5      | Noticed Menkaure
  4331 | D:5      | Killed Menkaure
  4355 | D:5      | Gained mutation: You have razor-sharp teeth. [Vine Stalker
                  | growth]
  4355 | D:5      | Reached XP level 8. HP: 42/42 MP: 9/9
  4576 | D:5      | Reached skill level 5 in Fighting
  4636 | D:5      | Reached *** piety under Trog
  5024 | D:6      | Found Ilaul's Lightly-Used Armoury.
  5066 | D:6      | Found Ihaukeux's General Store.
  5307 | D:6      | Found a staircase to the Ecumenical Temple.
  5561 | D:7      | Found a hazy altar of Hepliaklqana.
  5590 | D:7      | Reached XP level 9. HP: 48/48 MP: 8/10
  5881 | D:7      | Identified the +3 buckler "Put-Me-On" {rC+ rN+ Str+2}
  6084 | D:7      | Found a sparkling altar of Nemelex Xobeh.
  6240 | D:7      | Reached skill level 1 in Shields
  6449 | D:8      | Noticed a two-headed ogre
  6472 | D:8      | Killed a two-headed ogre
  6720 | D:8      | Reached skill level 10 in Short Blades
  6794 | D:8      | Found a blossoming altar of Fedhas.
  6800 | D:8      | Found a shimmering blue altar of Sif Muna.
  6801 | D:8      | Found a glowing golden altar of the Shining One.
  6809 | D:8      | Found a snail-covered altar of Cheibriados.
  6809 | D:8      | Noticed Grum
  6815 | D:8      | Found a basalt altar of Yredelemnul.
  6815 | D:8      | Found a hide-covered altar of Uskayaw.
  6815 | D:8      | Found a shimmering altar of Xom.
  6815 | D:8      | Found a shadowy altar of Dithmenos.
  6823 | D:8      | Killed Grum
  6908 | D:8      | Noticed Maurice
  6945 | D:8      | Reached XP level 10. HP: 53/53 MP: 11/11
  7008 | D:8      | Killed Maurice
  7009 | D:8      | Reached skill level 5 in Armour
  7108 | D:8      | Noticed a two-headed ogre
  7114 | D:8      | Killed a two-headed ogre
  7405 | D:8      | Identified the amulet of Charity {Faith -Cast Will++}
  7511 | D:9      | Noticed Psyche
  7527 | D:9      | Killed Psyche
  7785 | D:9      | Noticed Erolcha
  7810 | D:9      | Killed Erolcha
  8012 | D:9      | Found a bloodstained altar of Trog.
  8015 | D:9      | Noticed a wizard
  8020 | D:9      | Killed a wizard
  8222 | D:10     | Entered Level 10 of the Dungeon
  8255 | D:10     | Reached XP level 11. HP: 60/60 MP: 12/12
  8320 | D:10     | Reached **** piety under Trog
  8465 | D:10     | Found a staircase to the Orcish Mines.
  9169 | D:10     | Noticed Josephine
  9179 | D:10     | Killed Josephine
  9180 | D:10     | Reached skill level 1 in Throwing
  9236 | D:10     | Noticed a two-headed ogre
  9246 | D:10     | Killed a two-headed ogre
  9247 | D:10     | Reached skill level 2 in Throwing
  9493 | Orc:1    | Entered Level 1 of the Orcish Mines
  9493 | Orc:1    | Noticed Sonja
  9496 | Orc:1    | Noticed Sonja
  9496 | Orc:1    | Sonja changed into Sonja the iguana
  9500 | Orc:1    | Killed Sonja the iguana
  9829 | D:6      | Bought -1 gold dragon scales for 750 gold pieces
 10209 | Orc:1    | Reached skill level 3 in Throwing
 10282 | D:11     | Identified a scroll of acquirement
 10282 | D:11     | Acquired 535 gold pieces
 10291 | D:11     | Noticed a two-headed ogre
 10311 | D:11     | Noticed a sun demon
 10314 | D:11     | Killed a two-headed ogre
 10376 | D:10     | Reached skill level 10 in Armour
 10408 | D:11     | Noticed a death yak
 10410 | D:11     | Noticed a death yak
 10410 | D:11     | Noticed a death yak
 10410 | D:11     | Noticed a death yak
 10411 | D:11     | Noticed a death yak
 10412 | D:11     | Noticed a death yak
 10412 | D:11     | Noticed a death yak
 10417 | D:11     | Killed a death yak
 10418 | D:11     | Reached skill level 4 in Throwing
 10418 | D:11     | Reached XP level 12. HP: 66/66 MP: 13/13
 10421 | D:11     | Killed a death yak
 10427 | D:11     | Killed a death yak
 10428 | D:11     | Killed a death yak
 10430 | D:11     | Killed a death yak
 10431 | D:11     | Killed a death yak
 10432 | D:11     | Reached skill level 5 in Throwing
 10433 | D:11     | Killed a death yak
 10443 | D:11     | Found a staircase to the Lair.
 10552 | D:11     | Noticed a boulder beetle
 10566 | D:11     | Killed a boulder beetle
 10601 | D:11     | Found a hide-covered altar of Uskayaw.
 10717 | D:11     | Noticed a two-headed ogre
 10724 | D:11     | Killed a two-headed ogre
 10907 | Lair:1   | Entered Level 1 of the Lair of Beasts
 11026 | Lair:1   | Reached skill level 1 in Evocations
 11064 | Lair:1   | Reached skill level 6 in Throwing
 11070 | Lair:1   | Noticed a seven-headed hydra
 11077 | Lair:1   | Killed a seven-headed hydra
 12052 | Lair:1   | Reached ***** piety under Trog
 12259 | Lair:2   | Noticed a five-headed hydra
 12274 | Lair:2   | Killed a five-headed hydra
 12275 | Lair:2   | Reached XP level 13. HP: 65/70 MP: 14/14
 12497 | Lair:2   | Reached skill level 7 in Throwing
 12813 | Lair:2   | Found a runed translucent gate.
 12813 | Lair:2   | Found a runed translucent gate.
 12813 | Lair:2   | Found a runed translucent gate.
 12817 | Lair:2   | Noticed Voxie's ghost (journeyman GrFi)
 13289 | Lair:3   | Found a hole to the Spider Nest.
 13669 | Lair:3   | Found a staircase to the Swamp.
 13818 | Lair:3   | Reached skill level 5 in Evocations
 13851 | Lair:3   | Reached skill level 8 in Throwing
 14052 | Lair:3   | Reached XP level 14. HP: 75/75 MP: 15/15
 14241 | Lair:3   | Received a gift from Trog
 14260 | Lair:3   | Found a runed translucent door.
 14261 | Lair:3   | Found a shimmering altar of Xom.
 14261 | Lair:3   | Noticed SensoryNuts's ghost (journeyman HOFi)
 14791 | Lair:4   | Reached skill level 9 in Throwing
 15085 | Lair:4   | Reached skill level 10 in Throwing
 15201 | Lair:4   | Noticed Odimp's ghost (journeyman KoWn)
 15227 | Lair:4   | Found a transporter.
 15236 | Lair:4   | Found a transporter.
 15291 | Lair:4   | Killed Odimp's ghost
 15517 | Lair:5   | Entered Level 5 of the Lair of Beasts
 15546 | Lair:5   | Noticed Urug
 15566 | Lair:5   | Killed Urug
 15643 | Lair:5   | Reached skill level 11 in Throwing
 15752 | Lair:5   | Reached ****** piety under Trog
 15850 | Lair:5   | Reached XP level 15. HP: 74/80 MP: 16/16
 15869 | Lair:5   | Received a gift from Trog
 15914 | Lair:5   | Reached skill level 10 in Fighting
 16128 | Lair:5   | Reached skill level 12 in Throwing
 16223 | Lair:5   | Found a staircase to the Slime Pits.
 17084 | D:12     | Received a gift from Trog
 17343 | D:12     | Noticed Lodul
 17362 | D:12     | Killed Lodul
 17449 | D:12     | Identified the ring "Piwuesoy" {rC+ MP+9 Dex+3}
 17513 | D:12     | Reached skill level 13 in Throwing
 17531 | D:12     | Received a gift from Trog
 18172 | D:13     | Found a frozen archway.
 18202 | IceCv    | Entered an ice cave
 18218 | IceCv    | Reached XP level 16. HP: 88/88 MP: 17/17
 18427 | IceCv    | Received a gift from Trog
 18802 | D:13     | Reached skill level 14 in Throwing
 18813 | D:13     | Found a gate to the Vaults.
 19463 | D:13     | Reached skill level 5 in Shields
 20007 | D:14     | Found a stormy altar of Qazlal.
 20324 | D:6      | Bought 5 poisoned darts for 20 gold pieces
 20324 | D:6      | Bought a +1 pair of gloves for 115 gold pieces
 20636 | D:15     | Entered Level 15 of the Dungeon
 20663 | D:15     | Received a gift from Trog
 20876 | D:15     | Identified the +5 broad axe of Ekigu {venom, rElec rC- rN+}
 20882 | D:15     | Noticed Agnes
 20893 | D:15     | Killed Agnes
 21161 | D:15     | Found a staircase to the Depths.
 21467 | Orc:2    | Entered Level 2 of the Orcish Mines
 21467 | Orc:2    | Found a bloodstained altar of Trog.
 21683 | Orc:2    | Received a gift from Trog
 21757 | Orc:2    | Reached XP level 17. HP: 89/95 MP: 18/18
 21816 | Orc:2    | Found a staircase to the Elven Halls.
 21839 | Orc:2    | Noticed Monkooky's ghost (journeyman BaCK)
 21912 | Orc:2    | Found Hucawat's Weapon Shoppe.
 21954 | Orc:2    | Found Kezacyma's General Store.
 21954 | Orc:2    | Found Xistram's General Store.
 21955 | Orc:2    | Found Gell's Distillery.
 21959 | Orc:2    | Found Maez's Jewellery Shoppe.
 22054 | Orc:2    | Found a runed translucent gate.
 22054 | Orc:2    | Found a runed translucent gate.
 22054 | Orc:2    | Found a runed translucent gate.
 22403 | Orc:2    | Killed Monkooky's ghost
 22559 | Orc:1    | Received a gift from Trog
 22843 | Spider:1 | Entered Level 1 of the Spider Nest
 22843 | Spider:1 | You fall into a shaft and drop 1 floor!
 23070 | Spider:2 | Noticed Mlioglotl
 23076 | Spider:2 | Noticed a bone dragon
 23083 | Spider:2 | Killed Mlioglotl
 23395 | Spider:2 | Reached skill level 15 in Throwing
 23594 | Spider:2 | Received a gift from Trog
 23897 | Spider:2 | Reached XP level 18. HP: 102/102 MP: 19/19
 24306 | Spider:1 | Identified the +8 falchion of Karma {freeze, Fragile rElec
                  | rPois rCorr}
 24472 | Spider:1 | Identified Roxanne's Commentary on the Geologist
 24472 | Spider:1 | Noticed Roxanne
 24499 | Spider:1 | Killed Roxanne
 25109 | Spider:3 | Reached skill level 10 in Shields
 25890 | Spider:3 | Identified the +2 helmet of Soxureff {rElec rPois Int-3
                  | SInv}
 26118 | Spider:4 | Entered Level 4 of the Spider Nest
 26171 | Spider:3 | Received a gift from Trog
 26909 | Spider:4 | Reached XP level 19. HP: 97/107 MP: 20/20
 27068 | Spider:4 | Noticed Kirke
 27391 | Spider:4 | Killed Kirke
 27408 | Spider:4 | Received a gift from Trog
 27495 | Spider:4 | Got a gossamer rune of Zot
 27563 | Spider:4 | Reached skill level 16 in Throwing
 27983 | Orc:2    | Bought a ring of flight for 227 gold pieces
 28135 | Swamp:1  | Entered Level 1 of the Swamp
 28419 | Swamp:1  | Found a runed translucent gate.
 28419 | Swamp:1  | Found a runed translucent gate.
 28421 | Swamp:1  | Found a runed translucent gate.
 28423 | Swamp:1  | Noticed KCGemini's ghost (journeyman FeBe)
 28930 | Swamp:1  | Killed KCGemini's ghost
 28936 | Swamp:1  | Identified the +9 long sword of the Unkillable {drain,
                  | Str+2}
 28943 | Swamp:1  | Acquired the +5 kite shield of Cegups {rN++}
 29065 | Swamp:2  | Noticed Ypsiuj's ghost (adept GnSk)
 29066 | Swamp:2  | Noticed a tentacled monstrosity
 29461 | Swamp:2  | Found a transporter.
 29472 | Swamp:2  | Found a transporter.
 29648 | Swamp:2  | Killed Ypsiuj's ghost
 29651 | Swamp:2  | Killed a tentacled monstrosity
 29752 | Swamp:2  | Identified the +0 helmet of Weirdness {rC++ Str+2 Dex-5
                  | Stlth+}
 29899 | Swamp:3  | Received a gift from Trog
 30067 | Swamp:3  | Noticed Louise
 30114 | Swamp:3  | Killed Louise
 30686 | Swamp:4  | Entered Level 4 of the Swamp
 30888 | Swamp:4  | Identified the +7 rapier "Mutegi Buipn" {vorpal, Str+6
                  | Stlth+} (Trog gifted it to you on level 4 of the Swamp)
 30888 | Swamp:4  | Received a gift from Trog
 30889 | Swamp:4  | Reached XP level 20. HP: 112/112 MP: 19/21
 30906 | Swamp:3  | Slain by an eight-headed hydra

Illustrated notes

Levels and vault maps discovered:
D:1:      minmay_arrival_diagonal_passages, layout_basic,
          grunt_decor_resistance, dreamdust_princess_bridge,
          hangedman_decor_points, minmay_nonomino_d4
D:2:      layout_rooms, basic_altar,
          hellmonk_ecumenical_altar_pennies_from_heaven, uniq_terence
D:3:      layout_basic, zin_statuary, kiku_gazebo_pond_becter
D:4:      layout_rooms, nicolae_overflow_crystal_walls
D:5:      layout_loops_ring, hex_large, st_stairs_9, minmay_ogre_servants,
          uniq_menkaure
D:6:      layout_basic, minmay_temple_entry_nine_rooms, serial_shops, shop,
          chequers_serial_rivers_small_a, minmay_shop_damaged
D:7:      layout_loops_corners, nemelex_xobeh_ov_fountains_minmay,
          mainiacjoe_overflow_tiny_flanked
D:8:      layout_basic, grunt_temple_overflow_open, uniq_grum, uniq_maurice
D:9:      layout_big_octagon, trog_wizard, uniq_erolcha, uniq_psyche
D:10:     layout_basic, orc_0_dummy, uniq_josephine
D:11:     layout_rooms, dpeg_lair_monsters, kennysheep_donut,
          minmay_misc_feat_four_crosses, eat_drink_and_be_merry_uskayaw
D:12:     wad_woods_minihive, layout_basic, uniq_lodul
D:13:     layout_roguey, erik_vaults_2, portal_ice_cave_rime,
          nicolae_underground_beach
D:14:     layout_rooms, serial_bayou, serial_bayou_shore_a, serial_bayou_lake_a,
          serial_bayou_pond_b, serial_bayou_pond_c,
          nicolae_qazlal_eye_of_the_storm
D:15:     grunt_enter_depths_snipers, layout_cave_pools, uniq_agnes
Lair:1:   layout_layer_cave
Lair:2:   layout_regular_city, gammafunk_ghost_necromancy, grunt_megastairs_5
Lair:3:   nzn_winding_woodlands_large [nzn_winding_woodlands_5x5_default,
          nzn_winding_woodlands_5x15_pool,
          nzn_winding_woodlands_5x5_closed_star,
          nzn_winding_woodlands_center_triple_pond,
          nzn_winding_woodlands_15x15_eel_pit,
          nzn_winding_woodlands_center_garden,
          nzn_winding_woodlands_5x5_default,
          nzn_winding_woodlands_5x15_concentric,
          nzn_winding_woodlands_5x5_three], layout_gridlike, swamp_mist_pool,
          hellmonk_spider_entry_life_and_decay, ebering_ghost_xom
Lair:4:   layout_long_grid, gammafunk_ghost_hive, grunt_megastairs_2
Lair:5:   due_jungle_book, layout_regular_city, slime_entry_1, uniq_urug
Swamp:1:  layout_basic_swamp, gammafunk_ghost_hydra_chop,
          evilmike_swamp_ruin_house_3, swamp_pool1
Swamp:2:  layout_falls_marsh, gammafunk_ghost_arena,
          evilmike_swamp_ruin_house_1, swamp_pool5, infiniplex_staircase_pool
Swamp:3:  layout_basic_swamp, hangedman_swamp_ruin_wall, uniq_louise
Swamp:4:  grunt_swamp_rune_castle, layout_basic_swamp, swamp_pool5,
          infiniplex_staircase_pool_2
Spider:1: layout_spider_delve, uniq_roxanne
Spider:2: spider_temple_joshua, uniq_mlioglotl
Spider:3: layout_spider_delve
Spider:4: grunt_spider_rune_parallel, uniq_kirke
Orc:1:    layout_caves, mines5_lemuel, uniq_sonja
Orc:2:    st_orc_mages, layout_caves, maelrawn_ghost_gauntlet_escape,
          basic_altar, serial_shops, nicolae_shop_bloodbath_and_beyond

Skill      XL: |  1  2  3  4  5  6  7  8  9 10 11 12 13 14 15 16 17 18 19 |
---------------+----------------------------------------------------------+-----
Short Blades   | 3 4 5 6 8 10 | 10.1
Fighting       | 3 4 6 7 9 12 13 14 | 14.7
Armour         | 2 3 4 7 10 12 13 14 | 14.2
Shields        | 3 7 9 11 14 | 14.1
Throwing       | 4 6 8 11 13 14 15 16 | 16.0
Evocations     | 2 5 6 8 |  8.0
Dodging        | 2 |  2.2

Action                   |  1- 3 |  4- 6 |  7- 9 | 10-12 | 13-15 | 16-18 | 19-21 || total
-------------------------+-------+-------+-------+-------+-------+-------+-------++-------
Melee: Short sword       |    19 |    19 |       |       |       |       |       ||    38
       Dagger            |   121 |   143 |   344 |   659 |   366 |       |       ||  1633
       Bite              |    33 |    50 |   121 |   271 |   673 |   679 |   387 ||  2214
       Punch             |     1 |     3 |     3 |       |       |       |       ||     7
       Quick blade       |       |       |       |       |   928 |  1309 |   766 ||  3003
Throw: Stone             |       |     9 |    10 |    22 |    19 |       |       ||    60
       Dart              |       |       |       |     7 |       |   111 |    22 ||   140
       Boomerang         |       |       |       |       |       |   101 |    63 ||   164
       Javelin           |       |       |       |       |       |       |     2 ||     2
Invok: Berserk           |     1 |     5 |     6 |    10 |     8 |    15 |     6 ||    51
       Trog's Hand       |       |       |     2 |     4 |     1 |     2 |     4 ||    13
       Brothers in Arms  |       |       |       |     2 |       |     1 |     3 ||     6
Evoke: Wand              |       |       |       |     3 |     1 |     2 |     8 ||    14
       Tin of tremorston |       |       |       |       |       |       |     3 ||     3
  Use: Scroll            |       |       |    21 |     6 |     2 |     3 |     6 ||    38
       Potion            |       |       |       |       |       |     2 |       ||     2
 Stab: Sleeping          |     1 |       |       |       |       |       |       ||     1
       Petrified         |       |       |       |       |       |     1 |       ||     1
       Confused          |       |       |       |       |       |       |     1 ||     1
Armor: Animal skin       |    32 |       |       |       |       |       |       ||    32
       Scale mail        |       |    71 |    59 |    80 |       |       |       ||   210
       Gold dragon scale |       |       |       |    82 |   448 |   508 |   338 ||  1376
Dodge: Dodged            |   110 |    64 |    81 |    94 |   133 |   143 |    87 ||   712
Block: Buckler           |       |       |    26 |   110 |   217 |   285 |    79 ||   717
       Kite shield       |       |       |       |       |       |       |   276 ||   276
